 Dungeon Crawl Stone Soup version 0.20-a0-379-gc0b65bf (webtiles) character file.

1989 junb69 the Cleaver (level 9, -4/82 HPs)
             Began as a Deep Dwarf Fighter on Dec 28, 2016.
             Was a Believer of Makhleb.
             Slain by an ogre
             ... wielding a +0 giant club
              (21 damage)
             ... on level 7 of the Dungeon.
             The game lasted 00:14:32 (5338 turns).

junb69 the Cleaver (Deep Dwarf Fighter)             Turns: 5338, Time: 00:14:33

Health: -4/82      AC:  6    Str: 21    XL:     9   Next: 1%
Magic:  6/6        EV: 11    Int:  8    God:    Makhleb [**....]
Gold:   210        SH:  9    Dex: 15    Spells: 8/8 levels left

rFire  . . .     SeeInvis .     a - +1 war axe
rCold  . . .     Gourm    .     b - +0 scale mail
rNeg   . . .     Faith    .     c - +0 shield
rPois  +         Spirit   .     (no helmet)
rElec  .         Reflect  .     (no cloak)
rCorr  .         Harm     .     (no gloves)
MR     +....                    (no boots)
Stlth  ..........               (no amulet)
                                i - +4 ring of evasion
                                w - ring of poison resistance

@: non-regenerating, drained
A: damage resistance, recharge devices, sense surroundings 2, slow regeneration
3
a: Heal Wounds, Minor Destruction, Renounce Religion


You were on level 7 of the Dungeon.
You worshipped Makhleb.
Makhleb was pleased with you.
You were very hungry.

You visited 2 branches of the dungeon, and saw 8 of its levels.

You collected 340 gold pieces.
You spent 130 gold pieces at shops.

Inventory:

Hand Weapons
 a - a +1 war axe (weapon)
Missiles
 r - 3 tomahawks of returning (quivered)
Armour
 b - a +0 scale mail (worn)
 c - a +0 shield (worn)
Jewellery
 i - a +4 ring of evasion (right hand)
 w - a ring of poison resistance (left hand)
Wands
 u - a wand of paralysis (4/24)
Scrolls
 h - 3 scrolls of enchant weapon
 j - 2 scrolls of remove curse {unknown}
 k - 2 scrolls of recharging {unknown}
 l - 2 scrolls of enchant armour
 n - 2 scrolls of amnesia
 p - 4 scrolls of teleportation
 q - 2 scrolls of fear
 v - a scroll of immolation
 y - 2 scrolls of fog
Potions
 e - 7 potions of curing {unknown}
 m - 6 potions of heal wounds {unknown}
 o - 2 potions of lignification {unknown}
 A - 2 potions of haste {unknown}
 B - a potion of berserk rage {unknown}
 D - a potion of brilliance {unknown}
Books
 d - a book of Changes

   Spells                             Type                      Level
   a - Beastly Appendage              Transmutation                1
   b - Sticks to Snakes               Transmutation                2
   c - Spider Form                    Transmutation/Poison         3
   d - Ice Form                       Ice/Transmutation            4
   e - Blade Hands                    Transmutation                5
Comestibles
 f - 4 bread rations
 g - 3 fruits
 s - a meat ration
 t - 2 chunks of flesh
 z - a beef jerky


   Skills:
 - Level 6.2(5.2) Fighting
 * Level 11.0(9.8) Axes
 - Level 3.2(2.3) Armour
 - Level 3.2(2.3) Shields


You had 8 spell levels left.
You didn't know any spells.

Dungeon Overview and Level Annotations

Branches:
Dungeon (7/15)             Temple (1/1) D:4

Altars:
Ashenzari
Gozag
Kikubaaqudgha
Makhleb
Uskayaw
Vehumet
Yredelemnul
The Shining One

Shops:
D:7 }


Innate Abilities, Weirdness & Mutations

You are resistant to damage.
You can recharge devices by infusing magical energy.
You passively map the area around you.
You do not regenerate.


Message History

Aim: an ogre, wielding a giant club (chance to defeat MR: 46%)
The ogre resists with some effort.
This wand has 5 charges left.
The ogre hits you with a giant club.
You barely miss the ogre. The ogre hits you with a giant club!!
You hit the ogre.
The ogre is lightly wounded.
The ogre hits you with a giant club!
You slash the ogre!
The ogre is heavily wounded.
The ogre hits you with a giant club!
* * * LOW HITPOINT WARNING * * *
You hit the ogre but do no damage.
The ogre is heavily wounded.
Evoke which item? (* to show all) (? for menu, Esc to quit)
Zapping:
u - a wand of paralysis (5/24)
Press: ? - help, Shift-Dir - straight line, f/p - ogre
Aim: an ogre, wielding a giant club (heavily wounded, chance to defeat MR: 46%)
The ogre resists with some effort.
This wand has 4 charges left.
The ogre hits you with a giant club!!
You die...

#...≈≈≈≈≈......# *
####...∩≈≈#####.... * ,
#...>≈≈≈≈≈# ##....
#####.####≈≈≈## * .### *
#.............. *.# , ,,
#####.#...############.#.#
##.#...#.######.# #...?....
*
.#.#.###.##....!###.###.#.*
...#...#.##.#...@O.........,
,*
.#.###.#......#####.#......*
.#.....####...# * ......##.*
.#####.#......# ###.#..# ,
.# .....)...### *....# , .#
.######### * ##.# ** .# # .#
* * ** .# *,


You could see an ogre.

Vanquished Creatures
  Menkaure (D:5)
  2 ice beasts
  An orc warrior (D:6)
  A sky beast (D:6)
  2 phantoms
  2 centaurs
  2 bullfrogs (D:6)
  A scorpion (D:5)
  2 water moccasin skeletons
  2 howler monkeys
  2 crimson imps
  A bullfrog zombie (D:6)
  A jelly (D:5)
  2 orc priests
  A hound (D:5)
  A bullfrog skeleton (D:6)
  3 iguanas (D:4)
  4 orc wizards
  3 worker ants
  Natasha (thrice) (D:3)
  4 gnolls (D:6)
  6 adders
  3 oozes
  An adder skeleton (D:4)
  3 worms
  A dart slug (D:2)
  4 leopard geckos
  21 orcs
  A ball python (D:2)
  9 giant cockroaches
  3 goblins
  10 hobgoblins
  10 jackals
  4 quokkas
  3 bats
  6 frilled lizards
  9 kobolds
  A leopard gecko skeleton (D:5)
  5 rats
141 creatures vanquished.

Notes
Turn   | Place    | Note
-------+----------+-------------------------------------------
     0 | D:1      | junb69 the Deep Dwarf Fighter began the quest for the Orb.
     0 | D:1      | Reached XP level 1. HP: 20/20 MP: 1/1
   214 | D:1      | Reached XP level 2. HP: 24/27 MP: 2/2
   807 | D:2      | Reached skill level 3 in Axes
   937 | D:2      | Reached XP level 3. HP: 30/34 MP: 3/3
  1157 | D:2      | Reached skill level 4 in Axes
  1157 | D:2      | Reached XP level 4. HP: 34/42 MP: 4/4
  1439 | D:2      | Found an ancient bone altar of Kikubaaqudgha.
  1632 | D:3      | Found an opulent altar of Gozag.
  1690 | D:3      | Reached XP level 5. HP: 17/50 MP: 5/5
  1754 | D:3      | Noticed a phantom
  1821 | D:3      | Killed a phantom
  1821 | D:3      | Reached skill level 5 in Axes
  2017 | D:3      | Found a hide-covered altar of Uskayaw.
  2017 | D:3      | Found a shattered altar of Ashenzari.
  2076 | D:3      | Noticed Natasha
  2129 | D:3      | Found a basalt altar of Yredelemnul.
  2139 | D:3      | Killed Natasha
  2139 | D:3      | Reached XP level 6. HP: 58/58 MP: 6/6
  2440 | D:3      | Noticed Natasha
  2490 | D:3      | Killed Natasha
  2514 | D:3      | Noticed Natasha
  2524 | D:3      | Killed Natasha
  2818 | D:4      | Found a staircase to the Ecumenical Temple.
  2832 | Temple   | Entered the Ecumenical Temple
  2835 | Temple   | Became a worshipper of Makhleb the Destroyer
  2879 | D:4      | Reached skill level 5 in Fighting
  2879 | D:4      | Reached skill level 6 in Axes
  3470 | D:5      | Entered Level 5 of the Dungeon
  3563 | D:5      | Noticed Menkaure
  3576 | D:5      | Killed Menkaure
  3576 | D:5      | Reached * piety under Makhleb
  3576 | D:5      | Reached XP level 7. HP: 49/67 MP: 5/5
  4055 | D:5      | Reached skill level 7 in Axes
  4357 | D:6      | Reached XP level 8. HP: 51/76 MP: 5/5
  4368 | D:6      | Reached skill level 8 in Axes
  4653 | D:6      | Reached skill level 9 in Axes
  4797 | D:6      | Reached skill level 10 in Axes
  4812 | D:6      | Found a radiant altar of Vehumet.
  5204 | D:7      | Found Bile Ehupnugh's Gadget Shoppe.
  5243 | D:7      | Bought a wand of paralysis (8/24) for 130 gold pieces
  5330 | D:7      | Reached ** piety under Makhleb
  5330 | D:7      | Reached skill level 11 in Axes
  5330 | D:7      | Gained mutation: You passively map the area around you. [Deep Dwarf growth]
  5330 | D:7      | Reached XP level 9. HP: 70/82 MP: 6/6
  5338 | D:7      | Slain by an ogre

Vault maps used:
D:1:      scummos_arrival_forest, hex_medium, minmay_tromino_mix6
D:2:      overflow_temple_1_default, first_bread
D:3:      lemuel_crystal_altar, lemuel_round_altar,
          gammafunk_temple_overflow_elements, uniq_natasha
D:5:      uniq_menkaure
D:6:      lemuel_doored_altar, nicolae_overflow_hidden_temple
D:7:      serial_shops, nicolae_shop_waterfront, nicolae_shop_stone,
          nicolae_shop_trees
Temple:   nicolae_temple_hex_pool

Skill      XL: |  1  2  3  4  5  6  7  8 |
---------------+-------------------------+-----
Fighting       | 3 4 5 6 |  6.2
Axes           | 3 4 5 6 7 11 | 11.0
Armour         | |  3.2
Shields        | |  3.2

Action                   |  1- 3 |  4- 6 |  7- 9 || total
-------------------------+-------+-------+-------++-------
Melee: War axe           |   135 |   244 |   219 ||   598
       Unarmed           |       |     2 |       ||     2
 Abil: Heal Wounds       |       |     5 |     4 ||     9
Evoke: Wand              |       |       |     5 ||     5
  Use: Scroll            |       |     4 |     5 ||     9
       Potion            |       |       |     1 ||     1
  Eat: Chunk             |     1 |     8 |     5 ||    14
Armor: Scale mail        |    58 |    81 |    43 ||   182
       Skin              |       |     1 |       ||     1
Dodge: Dodged            |    42 |    71 |    76 ||   189
Block: Shield            |    65 |   134 |    79 ||   278
